[Event "Tournoi de MI de l'Echiquier du Pays de Bray"]
[Site "Gournay-en-Bray, France"]
[Date "2023.05.14"]
[Round "1.1"]
[White "HÖGLAUER, Patrick"]
[Black "TEREKHOV, Andrey"]
[Result "0-1"]
[TimeControl "1h30/40 + 30 (30s/c)"]
[WhiteTitle "FM"]
[BlackTitle "FM"]
[WhiteFideId "1270548"]
[BlackFideId "4121481"]
[WhiteElo "2280"]
[BlackElo "2314"]

1. e4 c5 2. Nf3 e6 3. d4 cxd4 4. Nxd4 Nc6 5. Nc3 Qc7 6. Be2 Nf6 7. Be3 a6 8. O-O Be7 9. f4 d6 10.
a4 O-O 11. Nb3 b6 12. Qe1 Bb7 13. Bf3 Rab8 14. Kh1 Nd7 15. Rd1 Nc5 16. Nxc5 bxc5 17. Qg3 Ba8 18. f5 Kh8 19. Bxc5 Rxb2 20.
Rxd6 Ne5 21. Qxe5 Bf6 22. Qg3 Qxc5 23. Nd5 exd5 24. e5 Qc4 25. Rg1 Bh4 26. Qh3 Qd4 27. g3 Qxe5 28. Rxa6 Bb7 29. Ra5 Bf6 30. g4 Qc3 31.
g5 d4 32. Bxb7 Qxh3 33. gxf6 gxf6 0-1

[Event "Tournoi de MI de l'Echiquier du Pays de Bray"]
[Site "Gournay-en-Bray, France"]
[Date "2023.05.14"]
[Round "1.2"]
[White "NIKCEVIC, Nebosja"]
[Black "DECUIGNIERE, Tom"]
[Result "0-1"]
[TimeControl "1h30/40 + 30 (30s/c)"]
[WhiteTitle "GM"]
[BlackTitle "FM"]
[WhiteFideId "901776"]
[BlackFideId "26093820"]
[WhiteElo "2373"]
[BlackElo "2396"]

1. d4 Nf6 2. Nf3 e6 3. c4 d5 4. Nc3 Bb4 5. Qa4+ Nc6 6. Bg5 h6 7. Bxf6 Qxf6 8. e3 O-O 9. cxd5 exd5 10.
Rc1 Rd8 11. Bb5 Qg6 12. O-O Bh3 13. Ne1 Bf8 14. Bxc6 bxc6 15. Ne2 Bd7 16. Qc2 Qf6 17. Nd3 Rab8 18. Qd2 Bf5 19. Nc5 Bd6 20.
Rc3 h5 21. Rfc1 h4 22. h3 g5 23. Nd3 Rb6 24. a3 Bxd3 25. Rxd3 c5 26. Nc3 cxd4 27. Rxd4 c6 28. Rg4 Kf8 29.
Na4 Rbb8 30. f4 d4 31. fxg5 Qe5 32. exd4 Qh2+ 33. Kf1 Bg3 34. Qe3 Rd5 35. Qg1 Re8 36. Qxh2 Bxh2 37. Rc3 Bg3 38.
Rcxg3 hxg3 39. Rxg3 Rxd4 40. b4 a5 41. Nc5 axb4 42. axb4 Rxb4 43. Rc3 Rb2 44. Nd3 Re3 45. Ra3 Kg7 46.
Nxb2 Rxa3 47. Nc4 Ra4 48. Nd2 c5 49. Ke2 c4 50. g4 c3 51. Nf3 Rf4 52. Nh4 Rf2+ 53. Kd1 Rh2 54. Nf5+ Kf8 55.
h4 Rd2+ 56. Kc1 Rg2 57. Nh6 Ke7 58. h5 Ke6 59. g6 fxg6 60. hxg6 Kf6 61. g7 Kxg7 62. Nf5+ Kf6 63. Nd4 Rb2 64.
Nf3 Ke6 65. g5 Rf2 66. Nh4 Kd5 67. g6 Kc4 68. g7 Kd3 69. Kb1 Rf1+ 70. Ka2 Rg1 0-1

[Event "Tournoi de MI de l'Echiquier du Pays de Bray"]
[Site "Gournay-en-Bray, France"]
[Date "2023.05.14"]
[Round "1.3"]
[White "DEFROMONT, Benjamin"]
[Black "DGEBUADZE, Alexander"]
[Result "1/2-1/2"]
[TimeControl "1h30/40 + 30 (30s/c)"]
[WhiteTitle "FM"]
[BlackTitle "GM"]
[WhiteFideId "36068829"]
[BlackFideId "203882"]
[WhiteElo "2347"]
[BlackElo "2435"]

1. e4 e6 2. d4 d5 3. Nc3 Bb4 4. e5 Ne7 5. a3 Bxc3+ 6. bxc3 c5 7. Qg4 O-O 8. Bd3 Nbc6 9. Bg5 Qa5 10.
Ne2 Ng6 11. O-O c4 12. Bxg6 fxg6 13. a4 Rf5 14. h4 Rb8 15. Bd2 Bd7 16. Ng3 h5 17. Qd1 Rf7 18. Ne2 Ne7 19. Bg5 Rbf8 20.
Qd2 Nc8 21. Nf4 Kh7 1/2-1/2

[Event "Tournoi de MI de l'Echiquier du Pays de "]
[Site "Gournay-en-Bray, France"]
[Date "2023.05.14"]
[Round "1.4"]
[White "MOUHAMAD, Joachim"]
[Black "LEFEBVRE, Hervé"]
[Result "0-1"]
[WhiteElo "2238"]
[BlackElo "2161"]
[PlyCount "118"]
[EventDate "2023.??.??"]
[TimeControl "1/40+30:0"]
[WhiteClock "0:17:26"]
[BlackClock "0:08:23"]

1. e4 c5 2. Nc3 Nc6 3. f4 g6 4. Nf3 Bg7 5. Bb5 Nd4 6. O-O a6 7. Bc4 e6 8. d3 b5 9. Bb3 Nxb3 10. axb3 Bb7 11. Qe1 Ne7 12. Be3 Rc8 13. Qf2 d6 14. Rae1 O-O 15. Bc1 Qd7 16. Qh4 f5 17. e5 Nc6 18. Be3 Rfe8 19. Qg3 Nd4 20.
Rf2 Nxf3+ 21. gxf3 Qc7 22. Bd2 Rcd8 23. h4 dxe5 24. fxe5 Rd4 25. Ne2 Bxe5 26. f4 Bg7 27. Nxd4 Bxd4 28. Be3 Bxb2 29. Kh2 Bf6 30. Rg1 Kf7 31. Re2 e5 32. Rge1 exf4 33. Bxf4 Rxe2+ 34. Rxe2 Qc6 35. Qe1 Bxh4 36. Bg3 Bf6 37. Qf1 Qd5 38. Re1 h5 39. c4 Qc6 40. Be5 Bxe5+ 41. Rxe5 Qd6 42. Qf4 Qxd3 43. Re3 Qd2+ 44. Kg3 Qg2+ 45. Kh4 Qg4+ 46. Qxg4 hxg4 47. Re5 Kf6 48. Rxc5 bxc4 49. bxc4 g5+ 50. Kg3 Bf3 51. Ra5 f4+ 52. Kf2 Bb7 53. c5 g3+ 54. Kg1 f3 55.
c6 Bc8 56. Ra1 Bh3 57. c7 f2+ 58. Kh1 g2+ 59. Kh2 g1=Q+ 0-1

[Event "Tournoi de MI de l'Echiquier du Pays de Bray"]
[Site "Gournay-en-Bray, France"]
[Date "2023.05.14"]
[Round "1.5"]
[White "ROSHKA, Yevgeniy"]
[Black "DUBESSAY, Bastien"]
[Result "1/2-1/2"]
[TimeControl "1h30/40 + 30 (30s/c)"]
[WhiteTitle "IM"]
[BlackTitle "FM"]
[WhiteFideId "14129558"]
[BlackFideId "650048"]
[WhiteElo "2508"]
[BlackElo "2283"]

1. d4 Nf6 2. Nf3 d5 3. c4 e6 4. g3 dxc4 5. Bg2 a6 6. O-O Nc6 7. e3 Rb8 8. Nfd2 e5 9. Nxc4 exd4 10.
exd4 Nxd4 11. Re1+ Be7 12. Be3 Ne6 13. Qxd8+ Bxd8 14. f4 g6 15. Ba7 Ra8 16. Bc5 Be7 17. Bxe7 Kxe7 18. f5 gxf5 19. Ne3 f4 20. gxf4 Kf8 21. Nc3 Nxf4 22. Rf1 Nxg2 23.
Nxg2 Ne8 24. Rae1 Bh3 25. Rf3 Bxg2 26. Kxg2 Rg8+ 27. Kh1 Rd8 28. Ne4 b6 29. Ref1 Rd7 30. Rh3 Rg4 31. Ng3 f6 32.
Nf5 Rg5 33. Ng3 Rg4 34. Nf5 Rg5 35. Ng3 a5 36. Rh4 Rg6 37. Re4 Rd2 38. Rh4 Rd7 39. Re4 Rd2 40. Rh4 h6 41. Nh5 Rxb2 42.
Nf4 Rg8 43. Rxh6 Kf7 44. Rd1 Nd6 45. Rc1 c5 46. Rd1 Nf5 47. Rh7+ Rg7 48. Rd7+ Kg8 49. Rhxg7+ Nxg7 50. Nd5 Ne8 51.
h4 Rxa2 52. h5 Ra4 53. Ne7+ Kf7 54. Ng6+ Ke6 55. h6 Kxd7 56. h7 Ra1+ 57. Kg2 Ra2+ 58. Kg3 Ra3+ 59. Kh4 Ra4+ 60. Kh3 Ra3+ 61.
Kh2 Ra2+ 62. Kg1 Ra1+ 63. Kg2 Ra2+ 64. Kg3 Ra3+ 65. Kg4 f5+ 66. Kh4 Ra4+ 67. Kg5 Rg4+ 68. Kxf5 Nd6+ 69. Kxg4 Nf7 70.
Kf5 Ke8 71. Kf6 a4 72. Ne5 Nh8 73. Kg7 a3 74. Kxh8 Kf8 75. Nd7+ Kf7 76. Ne5+ Kf8 77. Nd7+ 1/2-1/2

[ePGN "0.1;DGT LiveChess/2.2.5"]

[Event "Tournoi de MI de l'Echiquier du Pays de Bray"]
[Site "Gournay-en-Bray, France"]
[Date "2023.05.15"]
[Round "2.1"]
[White "DGEBUADZE, Alexander"]
[Black "MOUHAMAD, Joachim"]
[Result "1-0"]
[TimeControl "1h30/40 + 30 (30s/c)"]
[WhiteTitle "GM"]
[BlackTitle "FM"]
[WhiteFideId "203882"]
[BlackFideId "656410"]
[WhiteElo "2435"]
[BlackElo "2238"]

1. e4 c5 2. Nf3 Nc6 3. d4 cxd4 4. Nxd4 Nf6 5. Nc3 d6 6. Bc4 Qb6 7. Nb3 e6 8. O-O a6 9. a4 Qc7 10.
Bg5 Be7 11. a5 O-O 12. Be2 Bd7 13. Kh1 Rac8 14. Ra4 Ne5 15. Rd4 Rfd8 16. f4 Ng6 17. f5 Ne5 18. Qd2 Bc6 19. h3 Be8 20.
Qe1 Nc6 21. Rd3 Nxa5 22. Nd4 Nc6 23. fxe6 Nxd4 24. Bxf6 Bxf6 25. Nd5 Qxc2 26. Nxf6+ gxf6 27. Rxd4 fxe6 28. Rxf6 Bg6 29. Rxe6 Qxb2 30.
Rd1 Re8 31. Bg4 Rcd8 32. Qg3 Rxe6 33. Bxe6+ Kg7 34. e5 a5 35. Qg5 Qb6 36. exd6 a4 37. Qe5+ Kh6 38. Rd4 1-0

[Event "Tournoi de MI de l'Echiquier du Pays de "]
[Site "Gournay-en-Bray, France"]
[Date "2023.05.15"]
[Round "2.2"]
[White "LEFEBVRE, Hervé"]
[Black "ROSHKA, Yevgeniy"]
[Result "0-1"]
[WhiteElo "2161"]
[BlackElo "2508"]
[PlyCount "98"]
[EventDate "2023.??.??"]
[TimeControl "1/40+30:0"]
[WhiteClock "0:09:05"]
[BlackClock "0:12:04"]

1. e4 g6 2. d4 Bg7 3. Nc3 d6 4. f4 a6 5. Nf3 b5 6. Bd3 Nd7 7. e5 c5 8. Be4 Rb8 9. O-O cxd4 10. Nxd4 dxe5 11. Nc6 Qb6+ 12. Kh1 Ngf6 13. Nxb8 Qxb8 14. fxe5 Nxe4 15. Nxe4 Nxe5 16. Bf4 Qc7 17. a4 O-O 18. axb5 axb5 19. Qd4 Qd7 20. Bxe5 Qxd4 21. Bxd4 Bxd4 22. c3 Bb6 23. Ra8 Bb7 24. Rxf8+ Kxf8 25. Re1 Bd5 26. Ng5 f6 27. Ne6+ Kf7 28. Nd4 b4 29. Rc1 bxc3 30. bxc3 Bc4 31. Rb1 Bc5 32. Rb7 Bd6 33. Nb5 Be5 34. Nd4 f5 35. Rb4 Bd3 36. Nf3 Bf6 37. c4 Be4 38. c5 Ke6 39. Rc4 Kd5 40.
Rc1 Kc6 41. Kg1 h6 42. Kf2 Bb2 43. Rc4 g5 44. Rb4 Bf6 45. Nd2 Kxc5 46. Rxe4 fxe4 47. Nxe4+ Kd4 48. Kf3 g4+ 49. Kf4 Be5+ 0-1

[Event "Tournoi de MI de l'Echiquier du Pays de Bray"]
[Site "Gournay-en-Bray, France"]
[Date "2023.05.15"]
[Round "2.3"]
[White "DECUIGNIERE, Tom"]
[Black "DEFROMONT, Benjamin"]
[Result "0-1"]
[TimeControl "1h30/40 + 30 (30s/c)"]
[WhiteTitle "FM"]
[BlackTitle "FM"]
[WhiteFideId "26093820"]
[BlackFideId "36068829"]
[WhiteElo "2396"]
[BlackElo "2347"]

1. Nf3 c5 2. c4 Nc6 3. b3 e5 4. Bb2 d6 5. e3 g5 6. h3 Bg7 7. Nc3 h6 8. Nd5 Nge7 9. Nxe7 Qxe7 10.
d3 O-O 11. g4 f5 12. Nd2 e4 13. Bxg7 Qxg7 14. gxf5 exd3 15. Bxd3 Ne5 16. Be2 Bxf5 17. Rc1 Rae8 18. Rh2 Nd3+ 19.
Bxd3 Bxd3 20. Nf1 Be4 21. Ng3 Qe5 22. h4 Rxf2 23. Rxf2 Qxg3 24. Ke2 g4 25. Qe1 Bf3+ 26. Kd2 Qe5 27.
Rc3 d5 28. cxd5 Qxd5+ 29. Rd3 Qe5 30. Qc1 b5 31. Qc3 Qg3 32. Ke1 Qg1+ 33. Rf1 Qh2 34. Qd2 Qxh4+ 35. Qf2 Qf6 36. Qg3 c4 37.
Rxf3 Qxf3 38. Qxf3 gxf3 39. bxc4 bxc4 40. Rc3 Rc8 41. Kf2 Kf7 42. Kxf3 Ke6 43. Ke4 h5 44. Kd4 h4 45. e4 Rd8+ 46. Kc5 Ke5 47. Kc6 Kd4 48. Rc1 Re8 49.
Rd1+ Ke3 50. Re1+ Kd2 51. Rh1 c3 52. Rh2+ Kd3 53. Rh3+ Kd4 54. e5 Rxe5 55. Rxh4+ Kd3 56. Kd6 Re3 57.
Kc5 c2 58. Rd4+ Ke2 59. Rc4 Kd2 60. Kd4 Rd3+ 0-1

[Event "Tournoi de MI de l'Echiquier du Pays de Bray"]
[Site "Gournay-en-Bray, France"]
[Date "2023.05.15"]
[Round "2.4"]
[White "HÖGLAUER, Patrick"]
[Black "NIKCEVIC, Nebosja"]
[Result "0-1"]
[TimeControl "1h30/40 + 30 (30s/c)"]
[WhiteTitle "FM"]
[BlackTitle "GM"]
[WhiteFideId "1270548"]
[BlackFideId "901776"]
[WhiteElo "2280"]
[BlackElo "2373"]

1. d4 Nf6 2. c4 e6 3. Nc3 Bb4 4. e3 c5 5. Nge2 b6 6. a3 Ba5 7. Qa4 Nc6 8. g3 Ne4 9. Bg2 Nxc3 10.
bxc3 cxd4 11. exd4 O-O 12. O-O Ba6 13. d5 Ne5 14. Bf4 Nxc4 15. dxe6 fxe6 16. Bxa8 Qxa8 17. Qxd7 e5 18. Rfd1 exf4 19.
Nxf4 Ne5 20. Qe6+ Nf7 21. Nd5 Kh8 22. Nc7 Ng5 23. Nxa8 Nxe6 24. Rd6 Bc4 25. Nc7 Nxc7 26. Rc6 b5 0-1

[Event "Tournoi de MI de l'Echiquier du Pays de Bray"]
[Site "Gournay-en-Bray, France"]
[Date "2023.05.15"]
[Round "2.5"]
[White "TEREKHOV, Andrey"]
[Black "DUBESSAY, Bastien"]
[Result "1/2-1/2"]
[TimeControl "1h30/40 + 30 (30s/c)"]
[WhiteTitle "FM"]
[BlackTitle "FM"]
[WhiteFideId "4121481"]
[BlackFideId "650048"]
[WhiteElo "2314"]
[BlackElo "2283"]

1. d4 Nf6 2. c4 e6 3. Nf3 d5 4. g3 dxc4 5. Bg2 a6 6. Ne5 Bb4+ 7. Nc3 Nd5 8. O-O O-O 9. Ne4 b5 10.
b3 cxb3 11. axb3 Bb7 12. Nd3 Nd7 13. Nxb4 Nxb4 14. Bg5 Qe8 15. Nd6 cxd6 16. Bxb7 Ra7 17. Bd2 Nd5 18. Bc6 Qb8 1/2-1/2

[ePGN "0.1;DGT LiveChess/2.2.5"]

[Event "Tournoi de MI de l'Echiquier du Pays de Bray"]
[Site "Gournay-en-Bray, France"]
[Date "2023.05.16"]
[Round "3.1"]
[White "NIKCEVIC, Nebosja"]
[Black "TEREKHOV, Andrey"]
[Result "1-0"]
[TimeControl "1h30/40 + 30 (30s/c)"]
[WhiteTitle "GM"]
[BlackTitle "FM"]
[WhiteFideId "901776"]
[BlackFideId "4121481"]
[WhiteElo "2373"]
[BlackElo "2314"]

1. d4 Nf6 2. Nf3 d5 3. c4 e6 4. Nc3 Bb4 5. Qa4+ Nc6 6. e3 O-O 7. Bd2 dxc4 8. Bxc4 a6 9. Qc2 Bd6 10.
Ne4 Nb4 11. Bxb4 Bxb4+ 12. Ke2 Nxe4 13. Qxe4 Bd6 14. h4 Qf6 15. Ng5 Qf5 16. Bd3 h6 17. g4 Qxe4 18. Nxe4 e5 19. g5 Bf5 20.
Nxd6 Bxd3+ 21. Kxd3 cxd6 22. gxh6 gxh6 23. Rhg1+ Kh7 24. Rac1 exd4 25. Kxd4 Rac8 26. Kd5 Rfd8 27. b4 Rxc1 28.
Rxc1 Rd7 29. Rg1 Rc7 30. Kxd6 Rc2 31.
f4 Rxa2 32. Ke7 Rb2 33. Kxf7 Rxb4 34. Rg7 Kh8 35. Rg8+ Kh7 36. Rg7 Kh8 37. Rg6 Kh7 38. f5 a5 39. Rg7 Kh8 40. f6 a4 41.
h5 a3 42. Kg6 Rg4+ 43. Kxh6 a2 44. f7 1-0

[Event "Tournoi de MI de l'Echiquier du Pays de Bray"]
[Site "Gournay-en-Bray, France"]
[Date "2023.05.16"]
[Round "3.2"]
[White "DEFROMONT, Benjamin"]
[Black "HÖGLAUER, Patrick"]
[Result "1-0"]
[TimeControl "1h30/40 + 30 (30s/c)"]
[WhiteTitle "FM"]
[BlackTitle "FM"]
[WhiteFideId "36068829"]
[BlackFideId "1270548"]
[WhiteElo "2347"]
[BlackElo "2280"]

1. e4 e5 2. Nf3 Nc6 3. Bb5 a6 4. Ba4 Nf6 5. O-O Be7 6. Re1 b5 7. Bb3 O-O 8. c3 d5 9. d4 Nxe4 10.
dxe5 Be6 11. Nbd2 Nc5 12. Bc2 d4 13. cxd4 Nxd4 14. Nxd4 Qxd4 15. Qh5 g6 16. Qh6 Bd5 17. Nf1 Rfd8 18.
Re3 Bf8 19. Qh3 Ne6 20. Qg3 Bg7 21. Re1 c5 22. Nd2 Qf4 23. Qxf4 Nxf4 24. Ne4 Ne6 25. f4 Nd4 26. Bb1 Rac8 27.
Be3 Ba8 28. Nd6 Rc7 29. a4 b4 30. Bd3 a5 31. Rac1 Nb3 32. Rcd1 Kf8 33. Bc4 Nd4 34. Bxd4 cxd4 35. Rxd4 Bc6 36. b3 Rcd7 37. Red1 Ke7 38.
Bxf7 g5 39. Bc4 gxf4 40. Nf5+ Kf8 41. Rxd7 Rxd7 42. Rxd7 Bxd7 43. e6 Bxe6 44. Bxe6 Bc3 45. Kf2 1-0

[Event "Tournoi de MI de l'Echiquier du Pays de Bray"]
[Site "Gournay-en-Bray, France"]
[Date "2023.05.16"]
[Round "3.3"]
[White "ROSHKA, Yevgeniy"]
[Black "DGEBUADZE, Alexander"]
[Result "1-0"]
[TimeControl "1h30/40 + 30 (30s/c)"]
[WhiteTitle "IM"]
[BlackTitle "GM"]
[WhiteFideId "14129558"]
[BlackFideId "203882"]
[WhiteElo "2508"]
[BlackElo "2435"]

1. e4 e6 2. d4 d5 3. Nc3 Bb4 4. e5 c5 5. a3 Bxc3+ 6. bxc3 Nc6 7. Qg4 g6 8. Nf3 Qa5 9. Bd2 Qa4 10.
Ra2 c4 11. h4 h6 12. Be2 Bd7 13. Qf4 Rh7 14. Nh2 O-O-O 15. Ng4 g5 16. Qh2 Qb5 17. O-O gxh4 18. Qxh4 Qa5 19. Rd1 Rf8 20.
Nf6 Nxf6 21. exf6 Re8 22. Bh5 e5 23. dxe5 Rxe5 24. Bf4 Qxc3 25. Bxe5 Qxe5 26. c3 Be6 27. Re2 Qxc3 28. Bg4 Nd8 29.
Rxd5 Qc1+ 30. Kh2 Qf4+ 31. Kh3 Kc7 32. Rc5+ Kb6 33. Rce5 Nc6 34. R5e4 Bxg4+ 35. Qxg4 Qxf6 36. Rxc4 Rg7 37.
Qf4 Qg5 38. Rb2+ Ka6 39. Ra4+ Na5 40. Qc4+ 1-0

[Event "Tournoi de MI de l'Echiquier du Pays de "]
[Site "Gournay-en-Bray, France"]
[Date "2023.05.16"]
[Round "3.4"]
[White "DUBESSAY, Bastien"]
[Black "LEFEBVRE, Hervé"]
[Result "1-0"]
[WhiteElo "2283"]
[BlackElo "2161"]
[PlyCount "145"]
[EventDate "2023.??.??"]
[TimeControl "1/40+30:0"]
[WhiteClock "0:02:40"]
[BlackClock "0:10:09"]

1. e4 c5 2. Nc3 Nc6 3. Bb5 Nd4 4. Bc4 Nf6 5. Nge2 e6 6. O-O a6 7. a4 d5 8. exd5 exd5 9. Ba2 Nxe2+ 10. Qxe2+ Be7 11. h3 O-O 12. d3 Be6 13.
Bf4 Qd7 14. a5 d4 15. Bxe6 fxe6 16. Na4 Nd5 17. Bd2 Rae8 18. b3 Bd6 19. Rae1 Bc7 20. Nb2 Qd6 21. g3 Rf5 22. Nc4 Qd7 23. Qe4 Qf7 24. Qg2 h5 25.
Re4 Rf8 26. h4 Rf3 27. Ree1 Qg6 28. Bg5 R3f5 29. Qe4 Re8 30. Kg2 Qf7 31. Bd2 Kh8 32. Kg1 Rf8 33. Qg2 Qg6 34. Bg5 Qf7 35. Ra1 Kh7 36. Nd2 Nb4 37. Rac1 Bxa5 38. Ne4 Kh8 39. Nd6 Qd7 40. Nxf5 Rxf5 41. Bd2 Nc6 42. Bxa5 Nxa5 43. Rce1 Kg8 44. Re2 Nc6 45. Rfe1 e5 46. Re4 Qf7 47.
f4 exf4 48. Rxf4 Rxf4 49. gxf4 Nb4 50. Qg5 Nd5 51. Qd8+ Kh7 52. Re8 Nf6 53. Rh8+ Kg6 54. Qd6 Qd5 55. Qxd5 Nxd5 56. Rf8 Ne3 57. Kf2 Nxc2 58. f5+ Kh7 59. Rf7 Ne3 60. Rxb7 Nxf5 61. Rc7 Nxh4 62. Rxc5 Kg6 63. Rc6+ Kf5 64. Rxa6 Kf4 65. b4 g5 66. b5 g4 67.
Rf6+ Ke5 68. Rh6 g3+ 69. Kf1 g2+ 70. Kf2 Nf3 71. Kxg2 Ne1+ 72. Kg3 Nxd3 73. b6 1-0

[Event "Tournoi de MI de l'Echiquier du Pays de Bray"]
[Site "Gournay-en-Bray, France"]
[Date "2023.05.16"]
[Round "3.5"]
[White "MOUHAMAD, Joachim"]
[Black "DECUIGNIERE, Tom"]
[Result "1-0"]
[TimeControl "1h30/40 + 30 (30s/c)"]
[WhiteTitle "FM"]
[BlackTitle "FM"]
[WhiteFideId "656410"]
[BlackFideId "26093820"]
[WhiteElo "2238"]
[BlackElo "2396"]

1. e4 c5 2. Nf3 d6 3. d4 cxd4 4. Nxd4 Nf6 5. Nc3 a6 6. f3 e5 7. Nb3 Be7 8. Be3 Be6 9. Qd2 O-O 10.
O-O-O Nbd7 11. g4 b5 12. g5 b4 13. Ne2 Nh5 14. Ng3 a5 15. Nxh5 a4 16. Nd4 exd4 17. Qxd4 Ne5 18. f4 Qc7 19.
Qb6 Qxb6 20. Bxb6 Bg4 21. Ng3 b3 22.
a3 Bxd1 23. Kxd1 bxc2+ 24. Kc1 Nc6 25. Nf5 Bd8 26. Be3 Na5 27. Kxc2 Rc8+ 28. Kd1 Nc4 29. Bd4 Re8 30. Bd3 g6 31.
Nh6+ Kf8 32. Ng4 Bb6 33. Bc3 Ne3+ 34. Nxe3 Bxe3 35. Rf1 Rc7 36. h4 Rb8 37. Bc2 Rc4 38. Rf3 Bb6 39. Kd2 Rbc8 40.
Bb1 Bd4 41. Bxd4 Rxd4+ 42. Bd3 Re8 43. Re3 d5 44. Kc3 Rdxe4 45. Bxe4 dxe4 46. Kd4 Rb8 47. Rxe4 Rxb2 48. Kc5 Rh2 49.
Rxa4 Rxh4 50. Rb4 h5 51. gxh6 Rh5+ 52. Kb6 Rxh6 53. Kb7 Rh1 54. a4 Ra1 55. Kb6 Ke7 56. a5 Kd6 57. a6 f6 58.
a7 g5 59. fxg5 fxg5 60. Rb5 1-0

[ePGN "0.1;DGT LiveChess/2.2.5"]

[Event "Tournoi de MI de l'Echiquier du Pays de Bray"]
[Site "Gournay-en-Bray, France"]
[Date "2023.05.16"]
[Round "4.1"]
[White "NIKCEVIC, Nebosja"]
[Black "DEFROMONT, Benjamin"]
[Result "1/2-1/2"]
[TimeControl "1h30/40 + 30 (30s/c)"]
[WhiteTitle "GM"]
[BlackTitle "FM"]
[WhiteFideId "901776"]
[BlackFideId "36068829"]
[WhiteElo "2373"]
[BlackElo "2347"]

1. d4 Nf6 2. c4 c5 3. d5 b5 4. cxb5 a6 5. e3 g6 6. Nc3 Bg7 7. a4 O-O 8. Nf3 d6 9. Ra3 Bb7 10. e4 e6 11. dxe6 fxe6 12.
e5 dxe5 13. Qxd8 Rxd8 14. Ng5 Re8 15. f3 Nbd7 16. Nge4 Bf8 17. bxa6 Bxa6 18. Bb5 Bxb5 19. axb5 c4 20. Rxa8 Rxa8 21.
Ke2 Nd5 22. Rd1 N7b6 23. Be3 Be7 24. Nxd5 Nxd5 25. Nc3 Rd8 26. Ra1 Rb8 27. Ra4 Nxc3+ 28. bxc3 Rxb5 29. Rxc4 Rb2+ 30. Kf1 Rc2 31.
Bf2 Kf7 32. Be1 Bg5 33. Re4 Rc1 34. Kf2 Kf6 35. h4 Rc2+ 36. Kf1 Bf4 37. g3 Bh6 38. Re2 Rc1 39. Ra2 e4 40. fxe4 Ke5 41.
Ke2 Kxe4 42. Ra4+ Kd5 43. Ra7 Ke4 44. Rxh7 Rc2+ 45. Kf1 Be3 46. Rg7 Rc1 47. Ke2 Rc2+ 48. Kf1 Rc1 49. Ke2 Rc2+ 1/2-1/2

[Event "Tournoi de MI de l'Echiquier du Pays de Bray"]
[Site "Gournay-en-Bray, France"]
[Date "2023.05.16"]
[Round "4.2"]
[White "DECUIGNIERE, Tom"]
[Black "ROSHKA, Yevgeniy"]
[Result "1-0"]
[TimeControl "1h30/40 + 30 (30s/c)"]
[WhiteTitle "FM"]
[BlackTitle "IM"]
[WhiteFideId "26093820"]
[BlackFideId "14129558"]
[WhiteElo "2396"]
[BlackElo "2508"]

1. d4 Nf6 2. c4 e6 3. Nc3 Bb4 4. g3 O-O 5. Bg2 d6 6. Nf3 Qe7 7. Qc2 e5 8. dxe5 dxe5 9. a3 Bd6 10.
O-O c6 11. Bg5 h6 12. Bxf6 Qxf6 13. Ne4 Qe7 14. Nxd6 Qxd6 15. Rfd1 Qe7 16. Nh4 a5 17. Nf5 Bxf5 18. Qxf5 g6 19.
Qd3 Na6 20. Qd7 Qxd7 21. Rxd7 Nc5 22. Re7 f6 23. Rf1 a4 24. h4 Rf7 25. Rxf7 Kxf7 26. Rd1 Ke7 27. f3 Rd8 28. Rxd8 Kxd8 29.
Kf2 Ke7 30. Ke3 Kd6 31. Bh3 b6 32. Kd2 Nb3+ 33. Kd3 Nd4 34. f4 Nb3 35. Bg2 Nc5+ 36. Ke3 Nd7 37. Be4 g5 38. fxg5 fxg5 39.
Bc2 b5 40. cxb5 cxb5 41. Bd3 gxh4 42. gxh4 Kc5 43. Ke4 Nb6 44. Kxe5 Nc4 45. Bxc4 Kxc4 46. e4 Kb3 47. Kf5 Kxb2 48.
e5 b4 49. axb4 a3 50. e6 a2 51. e7 a1=Q 52. e8=Q Qf1+ 53. Kg6 Qd3+ 54. Kxh6 Qd2+ 55. Kg6 Qd6+ 56. Kf5 Qxb4 57. h5 Qb6 58.
Qe5+ Kc1 59. Qf4+ Kd1 60. h6 Qc5+ 61. Qe5 Qc8+ 62. Qe6 Qc5+ 63. Kg6 Qg1+ 64. Kf7 Qa7+ 65. Qe7 Qa2+ 66. Kf8 Qa8+ 67.
Kg7 Qg2+ 68. Kh8 Qb2+ 69. Kh7 Qc2+ 70. Kg7 Qg2+ 71. Kf7 Qd5+ 72. Qe6 Qb7+ 73. Ke8 Qa8+ 74. Ke7 Qh8 75. Qg4+ Ke1 76.
Qg7 Qb8 77. Qg1+ Ke2 78. Qg4+ Kf2 79. Qf5+ Kg1 80. h7 Qc7+ 81. Kf8 Qd8+ 82. Kg7 Qd4+ 83. Kh6 Kh2 84. Qh5+ Kg3 85. Qg6+ Kh4 86.
Qh5+ Kg3 87. Qe8 Qd2+ 88. Kg7 Qd4+ 89. Kg8 Qg4+ 90. Kf8 Qb4+ 91. Qe7 Qb8+ 92. Kg7 Qb2+ 93. Kg8 Qb3+ 94. Qf7 Qb8+ 95.
Kg7 Qb2+ 96. Kg6 Qb1+ 97. Qf5 Qb6+ 98. Kh5 Qd4 99. Kh6 Kh4 100. Qe6 Qf4+ 101. Kg7 Qg5+ 102. Kf8 Qf4+ 103. Ke8 Qd4 104.
Kf7 Kg3 105. Qg6+ Kh2 106. Qh6+ Kg1 107. Qg7+ 1-0

[Event "Tournoi de MI de l'Echiquier du Pays de Bray"]
[Site "Gournay-en-Bray, France"]
[Date "2023.05.16"]
[Round "4.3"]
[White "DGEBUADZE, Alexander"]
[Black "DUBESSAY, Bastien"]
[Result "1-0"]
[TimeControl "1h30/40 + 30 (30s/c)"]
[WhiteTitle "GM"]
[BlackTitle "FM"]
[WhiteFideId "203882"]
[BlackFideId "650048"]
[WhiteElo "2435"]
[BlackElo "2283"]

1. e4 e6 2. d3 d5 3. Nd2 c5 4. Ngf3 Nf6 5. g3 Nc6 6. Bg2 Be7 7. O-O O-O 8. Re1 Qc7 9. Qe2 b5 10.
exd5 exd5 11. Nb3 Bf5 12. Bf4 Bd6 13. Bxd6 Qxd6 14. Qe3 Nb4 15. Qd2 Rac8 16. a3 Nc6 17. Qe3 Nd7 18. c3 h6 19.
d4 c4 20. Nc5 Nf6 21. Ne5 Rfe8 22. Qf4 Bh7 23. Bh3 g5 24. Nxf7 Qxf4 25. Nxh6+ Kg7 26. gxf4 Kxh6 27. Bxc8 Rxc8 28.
Re6 Kg7 29. fxg5 Ne4 30. Nxe4 Bxe4 31. Re1 Na5 32. Rf6 Rc7 33. f3 Bg6 34. Kg2 Nb3 35. Kg3 a5 36. Kg4 b4 37. h4 bxc3 38.
bxc3 Nd2 39. Rd1 Nb3 40. h5 Bd3 41. h6+ Kh7 42. Kh5 Re7 43. g6+ Bxg6+ 44. Rxg6 Re2 45. Rg7+ Kh8 46. Rdg1 Rh2+ 47.
Kg6 Nd2 48. h7 1-0

[Event "Tournoi de MI de l'Echiquier du Pays de Bray"]
[Site "Gournay-en-Bray, France"]
[Date "2023.05.16"]
[Round "4.4"]
[White "TEREKHOV, Andrey"]
[Black "LEFEBVRE, Hervé"]
[Result "1-0"]
[TimeControl "1h30/40 + 30 (30s/c)"]
[WhiteTitle "FM"]
[BlackTitle "FM"]
[WhiteFideId "4121481"]
[BlackFideId "607363"]
[WhiteElo "2314"]
[BlackElo "2161"]

1. d4 Nf6 2. c4 e6 3. Nf3 c5 4. d5 exd5 5. cxd5 d6 6. Nc3 g6 7. Bf4 Bg7 8. h3 O-O 9. e3 Na6 10.
Bxa6 bxa6 11. Rc1 Rb8 12. b3 Bf5 13. O-O Ne4 14. Nxe4 Bxe4 15. Nd2 Bd3 16. Re1 Rb4 17. Nc4 Bxc4 18.
Rxc4 a5 19. e4 Re8 20. Qd3 Qb6 21. Bd2 Qb5 22. Bxb4 axb4 23. h4 h5 24. Qf3 Qa5 25. Rc2 Qd8 26. g3 Bd4 27. Kg2 a5 28.
Rce2 Qd7 29. Qd3 a4 30. Qa6 axb3 31. axb3 Bc3 32. Rd1 Re5 33. f3 Qe7 34. Ra2 Kg7 35. Qc8 g5 36. Ra8 Rxe4 37.
Qh8+ Kg6 38. Rg8+ Kf5 39. Qh7+ 1-0

[Event "Tournoi de MI de l'Echiquier du Pays de Bray"]
[Site "Gournay-en-Bray, France"]
[Date "2023.05.16"]
[Round "4.5"]
[White "HÖGLAUER, Patrick"]
[Black "MOUHAMAD, Joachim"]
[Result "0-1"]
[TimeControl "1h30/40 + 30 (30s/c)"]
[WhiteTitle "FM"]
[BlackTitle "FM"]
[WhiteFideId "1270548"]
[BlackFideId "656410"]
[WhiteElo "2280"]
[BlackElo "2238"]

1. d4 d5 2. c4 e6 3. Nc3 a6 4. cxd5 exd5 5. Nf3 Nf6 6. Bg5 Be6 7. Qb3 Nbd7 8. e3 Ra7 9. Ne5 Be7 10. Be2 O-O 11. Qd1 c6 12. f4 Nxe5 13. dxe5 Nd7 14. Bxe7 Qxe7 15.
O-O f5 16. Qd4 Raa8 17. Rfd1 a5 18. Na4 Qb4 19. a3 Qxd4 20. exd4 Ra7 21. Rdc1 Kf7 22. Kf2 Ke7 23. Rc2 h6 24.
h4 g6 25. Rh1 Rg8 26. Rh3 Bf7 27. Bd3 h5 28. Rg3 Be6 29. Be2 Kf7 30. Rc1 Rc8 31. Rb3 Ke7 32. Ke1 Bf7 33. Kd2 Be6 34.
Bf1 Kf7 35. Be2 Ke7 36. Rg3 Bf7 37. Bd1 Be8 38. Nc3 Raa8 39. Bb3 Bf7 40. Re1 Ke6 41. Ba2 Rd8 42. Ne2 Nf8 43. Nc1 Ke7 44.
Rb3 Ra7 45. Nd3 Ne6 46. Ke3 Be8 47. Rc1 Rb8 48. Rb6 Rd8 49. Rc3 Bd7 50. Bb1 Rb8 51. Bc2 Kd8 52. a4 Kc7 53. Rb5 Kd8 54.
Rbb3 Rc8 55. Ra3 b6 56. Bb3 c5 57. Kd2 c4 58. Bxc4 Rxc4 59. Rxc4 dxc4 60. d5 cxd3 61. dxe6 Bxe6 62.
Kxd3 Rc7 63. Ke3 Rc4 64. Rd3+ Ke7 65. Rd4 Rxd4 66. Kxd4 Bb3 0-1

[ePGN "0.1;DGT LiveChess/2.2.5"]